 Dungeon Crawl Stone Soup version 0.25.0-37-gb73750e0fb (webtiles) character file.

Game seed: 12062136061402904128

1912 LaGuigne83 the Destroyer (level 8, -7/62 HPs)
             Began as a Purple Draconian Conjurer on July 9, 2020.
             Was a Believer of Sif Muna.
             Shot with a sling bullet by Joseph (10 damage)
             ... on level 7 of the Dungeon.
             The game lasted 00:21:19 (7195 turns).

LaGuigne83 the Destroyer (DrCj)                     Turns: 7195, Time: 00:21:19

Health: -7/62      AC:  6    Str: 11    XL:     8   Next: 95%
Magic:  13/15      EV: 13    Int: 17    God:    Sif Muna [**....]
Gold:   242        SH:  5    Dex: 12    Spells: 14/17 levels left

rFire    . . .     SeeInvis .   A - +2 whip (freeze)
rCold    . . .     Gourm    .   r - +0 buckler
rNeg     . . .     Faith    .   (armour unavailable)
rPois    +         Spirit   .   (helmet restricted)
rElec    .         Reflect  .   (no cloak)
rCorr    .         Harm     .   (no gloves)
MR       +....                  (no boots)
Stlth    ++........             (no amulet)
HPRegen  0.20/turn              w - ring of poison resistance
MPRegen  0.14/turn              (no ring)

@: no status effects
A: breathe power, unfitting armour, cold-blooded, AC +6
a: Breathe Dispelling Energy, Channel Magic, Renounce Religion


You were on level 7 of the Dungeon.
You worshipped Sif Muna.
Sif Muna was pleased with you.
You were not hungry.

You visited 1 branch of the dungeon, and saw 7 of its levels.
You also visited: Sewer.

You collected 242 gold pieces.

Inventory:

Hand Weapons
 A - a +2 whip of freezing (weapon)
Missiles
 h - 51 sling bullets
 m - a throwing net
 t - 23 poisoned darts (quivered)
Armour
 r - a +0 buckler (worn)
 C - the +5 ring mail of Lual {Harm rElec rF+ MR-, unknown}
   (You found it on level 6 of the Dungeon)

   It protects you from fire.
   It insulates you from electricity.
   It affects your resistance to hostile enchantments.
   It increases damage dealt and taken.
Jewellery
 w - a ring of poison resistance (left hand)
Wands
 v - a wand of enslavement (9)
 z - a wand of flame (15)
 B - a wand of disintegration (18)
 D - a wand of digging (6)
Scrolls
 d - a scroll of silence {unknown}
 f - 2 scrolls of enchant armour {unknown}
 j - 4 scrolls of remove curse
 k - 2 scrolls of blinking
 l - 2 scrolls of amnesia
 s - a scroll of enchant weapon {unknown}
 u - 2 scrolls of teleportation
 x - 3 scrolls of immolation {unknown}
 y - a scroll of fog {unknown}
 E - a scroll of random uselessness {unknown}
Potions
 a - a potion of flight
 c - a potion of cancellation
 e - 3 potions of mutation {unknown}
 g - 4 potions of curing
 i - a potion of heal wounds
 n - a potion of resistance
 o - 3 potions of might
 p - a potion of ambrosia
 q - a potion of magic {unknown}
Comestibles
 b - 9 rations


   Skills:
 + Level 2.9 Fighting
 + Level 3.1 Dodging
 - Level 1.7 Stealth
 - Level 4.0 Shields
 - Level 5.1 Spellcasting
 + Level 8.7 Conjurations
 + Level 5.1 Invocations


You had 14 spell levels left.
You knew the following spells:

 Your Spells              Type           Power        Failure   Level  Hunger
a - Magic Dart            Conj           ####         1%          1    None
b - Searing Ray           Conj           ####..       1%          2    #......

Your spell library contained the following spells:

 Spells                   Type           Power        Failure   Level  Hunger
 Dazzling Flash           Conj/Hex       ###...       7%          3    ###....
 Fulminant Prism          Conj/Hex       ###.......   24%         4    ####...
 Iskenderun's Mystic Bla  Conj/Tloc      ###.....     24%         4    ####...
 Vampiric Draining        Necr           #.........   38%         3    ###....
 Petrify                  Tmut/Erth      #.......     80%         4    ####...
 Agony                    Necr           #.......     98%         5    ######.
 Borgnjor's Vile Clutch   Necr/Erth      #.........   98%         5    ######.


Dungeon Overview and Level Annotations

Branches:
Dungeon (7/15)             Temple (0/1) D:6           Sewer (visited)

Altars:
Fedhas
Ru
Sif Muna
Vehumet
Xom
Zin
The Shining One

Annotations:
D:7 Joseph


Innate Abilities, Weirdness & Mutations

You can breathe bolts of dispelling energy.
Your rich purple scales are hard. (AC +6)
You cannot fit into any form of body armour.
You are cold-blooded and may be slowed by cold attacks.


Message History

The magic dart hits the steam dragon.
The steam dragon is almost dead.
The steam dragon breathes steam at you. The ball of steam hits you!!
* * * LOW HITPOINT WARNING * * *
Casting: Magic Dart (safe; 1% risk of failure)
Confirm with . or Enter, or press ? or * to list all spells.
Aiming: Searing Ray (safe; 1% risk of failure)
Press: ? - help, Shift-Dir - straight line, f/p - steam dragon
Aim: a steam dragon (steam, almost dead, catching its breath)
The searing ray hits the steam dragon.
You kill the steam dragon!
Sif Muna accepts your kill. (Press . to maintain the ray.)
You start resting.
Joseph is too close now for your liking.
Joseph shoots a sling bullet.
The sling bullet hits you!!
* * * LOW HITPOINT WARNING * * *
The sling bullet freezes you!
You die...

....... ...... $......
...... ####### .......
......#####....<# ....@..
#.##......#.....# .......
##.##......#.....# .......
...+......#.....#
.......###.##......#.....#
#<##.######@##.....#
#.#..@......##.....#
#.#..#########.....#
#.#...# #.....#
#.#...########.....#
#.#..........#.....#
#.#...######.###'###
#.#...# #.......# #...#
######### ......


You could see Joseph.

Vanquished Creatures
  Grinder (D:5)
  The ghost of lepoulpe303 the Sneak, a novice SpEn (D:4)
  A hippogriff (D:4)
  A steam dragon (D:7)
  An ice beast (D:5)
  A centaur (D:6)
  A big kobold (Sewer)
  2 bullfrogs (D:6)
  2 crimson imps (D:5)
  2 jellies
  A hound (D:5)
  4 orc priests
  3 orc wizards
  Ijyb (D:5)
  3 worker ants (D:6)
  Natasha (thrice) (D:3)
  An iguana (D:5)
  8 adders
  3 gnolls
  A river rat (Sewer)
  A shadow imp (D:5)
  3 oozes
  3 adder skeletons
  A worm (D:2)
  A dart slug (D:1)
  5 leopard geckos
  21 orcs
  A ball python (D:5)
  4 giant cockroaches
  6 goblins
  6 hobgoblins (D:1)
  11 jackals
  13 kobolds
  A quokka (D:6)
  6 bats
  4 frilled lizards
  A jackal skeleton (D:5)
  A quokka zombie (D:5)
  13 rats
  A bush (D:6)
144 creatures vanquished.

Notes
Turn   | Place    | Note
-------+----------+-------------------------------------------
     0 | D:1      | LaGuigne83 the Draconian Conjurer began the quest for the
                  | Orb.
     0 | D:1      | Reached XP level 1. HP: 14/14 MP: 3/3
   169 | D:1      | Reached XP level 2. HP: 20/20 MP: 1/5
   529 | D:1      | Learned a level 2 spell: Searing Ray
   690 | D:1      | Reached skill level 5 in Conjurations
   716 | D:1      | Reached XP level 3. HP: 26/26 MP: 0/6
  1451 | D:2      | Reached XP level 4. HP: 33/33 MP: 3/7
  1647 | D:2      | Found a sacrificial altar of Ru.
  1806 | D:2      | Found a shimmering altar of Xom.
  1807 | D:2      | Found a glowing golden altar of the Shining One.
  1807 | D:2      | Found a shimmering blue altar of Sif Muna.
  1808 | D:2      | Found a glowing silver altar of Zin.
  1812 | D:2      | Found a radiant altar of Vehumet.
  1816 | D:2      | Became a worshipper of Sif Muna the Loreminder
  2366 | D:3      | Reached skill level 6 in Conjurations
  2647 | D:3      | Reached skill level 1 in Invocations
  2647 | D:3      | Reached XP level 5. HP: 27/38 MP: 1/8
  3137 | D:3      | Noticed Natasha
  3142 | D:3      | Killed Natasha
  3326 | D:3      | Noticed Natasha
  3330 | D:3      | Killed Natasha
  3330 | D:3      | Reached XP level 6. HP: 36/45 MP: 3/10
  3466 | D:3      | Noticed Natasha
  3468 | D:3      | Killed Natasha
  3468 | D:3      | Reached * piety under Sif Muna
  3706 | D:4      | Noticed a hippogriff
  3715 | D:4      | Killed a hippogriff
  3715 | D:4      | Reached skill level 1 in Shields
  3882 | D:4      | Your scales start taking on a rich purple colour.
  3882 | D:4      | Reached XP level 7. HP: 50/50 MP: 10/13
  3984 | D:4      | You fall into a shaft and drop 1 floor!
  3984 | D:5      | Entered Level 5 of the Dungeon
  4053 | D:5      | Reached skill level 7 in Conjurations
  4094 | D:5      | Noticed Ijyb
  4107 | D:5      | Killed Ijyb
  4279 | D:5      | Reached skill level 5 in Spellcasting
  4288 | D:5      | Noticed Grinder
  4325 | D:5      | Identified the Tome of Earth and Stolen Souls
  4360 | D:5      | Found a glowing drain.
  4387 | Sewer    | Entered a sewer
  4524 | Sewer    | Reached ** piety under Sif Muna
  4625 | Sewer    | Found a glowing silver altar of Zin.
  4811 | D:4      | Found a runed translucent door.
  4813 | D:4      | Noticed lepoulpe303's ghost (novice SpEn)
  4834 | D:4      | Killed lepoulpe303's ghost
  4834 | D:4      | Reached XP level 8. HP: 57/57 MP: 6/15
  5122 | D:5      | Paralysed by Grinder for 2 turns
  5159 | D:5      | Paralysed by Grinder for 3 turns
  5283 | D:5      | Paralysed by Grinder for 7 turns
  5294 | D:5      | Killed Grinder
  5294 | D:5      | Reached skill level 8 in Conjurations
  5736 | D:6      | Reached skill level 5 in Invocations
  5859 | D:6      | Found a staircase to the Ecumenical Temple.
  6015 | D:6      | Reached skill level 1 in Fighting
  6263 | D:6      | Got a jewelled ring mail
  6378 | D:6      | Found a blossoming altar of Fedhas.
  6900 | D:7      | Noticed Joseph
  7195 | D:7      | HP: 3/62 [Joseph/sling bullet (22)]
  7195 | D:7      | Shot with a sling bullet by Joseph

Illustrated notes

Levels and vault maps discovered:
D:1:      lemuel_arrival_river_bridge, layout_rooms
D:2:      layout_rooms, hangedman_ru_absence, minitemple
D:3:      layout_rooms, first_ration, minmay_misc_feat_square, corexii_shack,
          uniq_natasha
D:4:      layout_basic, ebering_ghost_sewer_d
D:5:      layout_cave_pools, portal_sewer_entry_a, uniq_grinder, uniq_ijyb
D:6:      layout_gridville, minmay_temple_entry_trees, minivault_26,
          chequers_serial_rivers_micro_e, fedhas_bush_and_centaur_altar
D:7:      layout_basic, minmay_misc_feat_hallway, uniq_joseph, uniq_pikel

Skill      XL: |  1  2  3  4  5  6  7  8 |
---------------+-------------------------+-----
Conjurations   | 5 6 7 8 |  8.7
Invocations    | 1 2 3 5 |  5.1
Spellcasting   | 4 5 |  5.1
Shields        | 1 3 4 |  4.0
Dodging        | 3 |  3.1
Fighting       | 2 |  2.9
Stealth        | |  1.7

Action                   |  1- 3 |  4- 6 |  7- 9 || total
-------------------------+-------+-------+-------++-------
Melee: Unarmed           |     8 |       |       ||     8
       Tailslap          |     2 |     2 |    13 ||    17
       Whip              |    23 |    19 |    97 ||   139
Throw: Dart              |       |       |     4 ||     4
 Cast: Magic Dart        |    71 |    60 |    87 ||   218
       Searing Ray       |     1 |    19 |    34 ||    54
  Use: Scroll            |       |     7 |     3 ||    10
       Potion            |       |       |     2 ||     2
  Eat: Chunk             |     3 |     9 |     8 ||    20
       Ration            |       |       |     1 ||     1
Armor: Skin              |    11 |    10 |    23 ||    44
Dodge: Dodged            |    26 |    14 |    51 ||    91
Block: Buckler           |       |     1 |    16 ||    17
